 Dungeon Crawl Stone Soup version 0.21.1-1-g345015fe64 (webtiles) character file.

71077 Ikesh the Spear-Bearer (level 15, -19/112 HPs)
             Began as a Merfolk Skald on Mar 9, 2018.
             Was the Champion of Qazlal.
             Killed from afar by a revenant (42 damage)
             ... with a ghostly fireball
             ... on level 2 of the Abyss.
             The game lasted 02:55:24 (22476 turns).

Ikesh the Spear-Bearer (Merfolk Skald)             Turns: 22476, Time: 02:55:24

Health: -19/112    AC: 16    Str: 13 (14) XL:     15   Next: 35%
Magic:  34/34      EV: 19    Int: 17 (19) God:    Qazlal [******]
Gold:   1341       SH: 15    Dex: 15 (16) Spells: 8/32 levels left

rFire    . . .     SeeInvis +   a - +9 spear
rCold    + . .     Gourm    .   G - +1 buckler {reflect}
rNeg     . . .     Faith    .   w - +2 leather armour "Doacal" {*Slow Regen+ rCorr Str+2 Int+3}
rPois    .         Spirit   .   L - +2 helmet {SInv}
rElec    .         Reflect  +   i - +0 cloak
rCorr    +         Harm     .   l - +1 pair of gloves
MR       +....                  u - +0 pair of boots
Stlth    +.........             (no amulet)
HPRegen  0.68/turn              J - ring of magical power
MPRegen  0.24/turn              A - +3 ring of evasion

@: about to teleport, protected from physical damage, slowed, heavily drained,
repel missiles, very slow
A: change form in water, swift swim, stealthy swim, clever 1, cold resistance 1,
deterioration 1, low mp 1, weak 1, sturdy frame 2
a: Upheaval, Elemental Force, Disaster Area, Renounce Religion


You were on level 2 of the Abyss.
You worshipped Qazlal.
Qazlal was exalted by your worship.
You were not hungry.

You visited 5 branches of the dungeon, and saw 22 of its levels.
You visited the Abyss 1 time.
You also visited: Bailey.

You collected 1341 gold pieces.

Inventory:

Hand Weapons
 a - a +9 spear (weapon)
Armour
 i - a +0 cloak (worn)
 l - a +1 pair of gloves (worn)
 s - a +2 scale mail of cold resistance
 u - a +0 pair of boots (worn)
 w - the +2 leather armour "Doacal" (worn) {*Slow Regen+ rCorr Str+2 Int+3}
   (You found it on level 6 of the Lair of Beasts)

   It affects your strength (+2).
   It affects your intelligence (+3).
   It increases your rate of regeneration.
   It protects you from acid and corrosion.
   It may slow you when you take damage.
 G - a +1 buckler of reflection (worn)
 L - a +2 helmet of see invisible (worn)
Jewellery
 h - an uncursed ring of protection from cold
 n - an uncursed ring of ice
 o - an uncursed amulet of guardian spirit
 z - an uncursed ring of flight
 A - a +3 ring of evasion (right hand)
 J - a ring of magical power (left hand)
 W - a cursed ring of teleportation
Wands
 q - a wand of enslavement (7)
 t - a wand of polymorph (17)
 x - a wand of clouds (1)
 B - a wand of random effects (41)
 D - a wand of iceblast (4)
 I - a wand of flame (47)
 P - a wand of disintegration (11)
Scrolls
 b - 11 scrolls of remove curse
 j - 5 scrolls of teleportation
 m - 2 scrolls of amnesia
 C - 5 scrolls of magic mapping
 F - 4 scrolls of identify
 M - 3 scrolls of holy word
 S - a scroll of brand weapon {unknown}
 U - a scroll of enchant weapon
 X - a scroll of immolation {unknown}
Potions
 f - 5 potions of curing
 v - a potion of brilliance {unknown}
 N - 4 potions of lignification
 O - 2 potions of might
 T - 3 potions of flight
 Y - a potion of mutation
Books
 c - a book of Battle

   Spells                             Type                      Level
   a - Infusion                       Charms                       1
   b - Shroud of Golubria             Charms/Translocation         2
   c - Song of Slaying                Charms                       2
   d - Spectral Weapon                Hexes/Charms                 3
   e - Regeneration                   Charms/Necromancy            3
 p - the Tome of Flight
   (You found it on level 4 of the Lair of Beasts)

   Spells                             Type                      Level
   a - Mephitic Cloud                 Conjuration/Poison/Air       3
   b - Airstrike                      Air                          4
   c - Summon Lightning Spire         Summoning/Air                4
   d - Tornado                        Air                          9
 r - a book of Misfortune

   Spells                             Type                      Level
   a - Confusing Touch                Hexes                        1
   b - Confuse                        Hexes                        3
   c - Gell's Gravitas                Translocation                3
   d - Petrify                        Transmutation/Earth          4
   e - Metabolic Englaciation         Hexes/Ice                    5
   f - Yara's Violent Unravelling     Hexes/Transmutation          5
 y - a book of Minor Magic

   Spells                             Type                      Level
   a - Magic Dart                     Conjuration                  1
   b - Blink                          Translocation                2
   c - Call Imp                       Summoning                    2
   d - Slow                           Hexes                        2
   e - Conjure Flame                  Conjuration/Fire             3
   f - Mephitic Cloud                 Conjuration/Poison/Air       3
 H - a book of Frost

   Spells                             Type                      Level
   a - Freeze                         Ice                          1
   b - Throw Frost                    Conjuration/Ice              2
   c - Ozocubu's Armour               Charms/Ice                   3
   d - Throw Icicle                   Conjuration/Ice              4
   e - Summon Ice Beast               Ice/Summoning                4
 R - a book of Transfigurations

   Spells                             Type                      Level
   a - Irradiate                      Conjuration/Transmutation    5
   b - Statue Form                    Transmutation/Earth          6
   c - Hydra Form                     Transmutation                6
   d - Dragon Form                    Transmutation                7
 Z - a book of Enchantments

   Spells                             Type                      Level
   a - Cause Fear                     Hexes                        4
   b - Yara's Violent Unravelling     Hexes/Transmutation          5
   c - Silence                        Hexes/Air                    5
   d - Deflect Missiles               Charms/Air                   6
   e - Discord                        Hexes                        8
Miscellaneous
 g - a fan of gales
 Q - a lamp of fire
 V - a lightning rod (4/4)
Comestibles
 d - 35 rations


   Skills:
 + Level 8.5(7.0) Fighting
 + Level 14.4(12.7) Polearms
 * Level 6.1(4.7) Armour
 + Level 8.1(6.7) Dodging
 - Level 3.5(2.3) Stealth
 - Level 7.6(6.2) Shields
 + Level 9.1(7.7) Spellcasting
 + Level 2.5(1.2) Hexes
 + Level 10.2(8.7) Charms
 + Level 4.4(3.1) Translocations
 * Level 2.7(1.4) Poison Magic
 * Level 11.9(10.3) Invocations
 * Level 8.8(7.4) Evocations


You had 8 spell levels left.
You knew the following spells:

 Your Spells              Type           Power        Failure   Level  Hunger
a - Infusion              Chrm           ####         1%          1    None
b - Shroud of Golubria    Chrm/Tloc      ####......   1%          2    None
c - Regeneration          Chrm/Necr      ###.......   5%          3    #......
d - Confuse               Hex            ##......     19%         3    #......
e - Call Imp              Summ           #.......     16%         2    None
f - Song of Slaying       Chrm           #####...     1%          2    None
g - Ozocubu's Armour      Chrm/Ice       ###.....     5%          3    #......
h - Blink                 Tloc           N/A          4%          2    None
i - Mephitic Cloud        Conj/Pois/Air  #.......     26%         3    #......
j - Spectral Weapon       Hex/Chrm       ###.....     4%          3    #......


Dungeon Overview and Level Annotations

Branches:
Dungeon (11/15)            Temple (1/1) D:5            Lair (6/6) D:11
  Swamp (3/4) Lair:4       Spider (0/4) Lair:4        Slime (1/5) Lair:5
    Orc (0/2) D:10

Altars:
Cheibriados
Dithmenos
Fedhas
Gozag
Hepliaklqana
Kikubaaqudgha
Makhleb
Okawaru
Qazlal
Ru
Sif Muna
Trog
Uskayaw
Vehumet
Wu Jian
Xom
Zin
The Shining One

Shops:
D:8 :

Annotations:
Swamp:3 Louise


Innate Abilities, Weirdness & Mutations

You revert to your normal form in water.
You are very nimble and swift while swimming.
You are very stealthy in the water. (Stealth+)
Your mind is acute. (Int +2)
Your flesh is cold resistant. (rC+)
Your body sometimes deteriorates upon taking damage.
Your magical capacity is low. (-10% MP)
You are weak. (Str -2)
Your movements are less encumbered by armour. (ER -4)


Message History

You are confused.
You feel invigorated.
You hear a roar!
The small abomination misses you.
The large abomination completely misses you. x2
The revenant completely misses you. The small abomination hits you.
You feel more protected from physical attacks.
The large abomination hits you!!
* * * LOW HITPOINT WARNING * * *
Your body deteriorates!
You feel clumsy.
The large abomination closely misses you.
The Hell Sentinel hits you.
* * * LOW HITPOINT WARNING * * *
The Hell Sentinel completely misses you.
A green death comes into view.
You feel better.
You feel less invigorated.
You block the small abomination's attack.
The revenant lashes out with ghostly flames.
The ghostly flame explodes!
The ghostly fireball engulfs you!
You feel drained.
You die...

#.##. ### ...# .
#... #.. ###. #. §§
#.## ## ##. ## ##
#..###. #...
##§§.###...#..
....X#.§§.§#55..*3
...X2§ZZ§W4X33..#.
....§#§XL§.#...###.
# .. ##X@1###.## ##
##. ##x## #..# #.
#.§§ #...#. ....3.
... ... ........
..... .......#. ..
. ........#.#
#........# #


You could see 2 starcursed masses, a Hell Sentinel, a revenant, a green death, 3
large abominations, an ice devil, a spectral seven-headed hydra, a spectral
spiny frog, a smoke demon, a hungry ghost, 2 neqoxecs, a small abomination, a
white imp and an ufetubus.

Vanquished Creatures
  An acid blob (Lair:5)
  Gastronok (Lair:1)
  A thorn hunter (Swamp:2)
  Harold (Lair:1)
  6 hydras
  Erica (Lair:1)
  2 two-headed ogres
  7 death yaks
  7 alligators
  Sonja (D:10)
  Nergalle (Lair:1)
  An unseen horror (D:11)
  2 shambling mangroves
  A phantasmal warrior (Abyss:2)
  An ugly thing (D:10)
  A wolf spider (Lair:2)
  5 black mambas
  A gargoyle (D:11)
  18 spiny frogs
  A torpor snail (Lair:5)
  4 rime drakes
  7 komodo dragons
  A troll (D:10)
  A queen bee (Lair:1)
  11 hornets
  2 polar bears (Lair:6)
  A dream sheep (Lair:6)
  2 tyrant leeches
  3 bog bodies
  11 slime creatures
  2 hippogriffs (Lair:2)
  14 blink frogs
  16 spriggans
  A wraith (D:11)
  7 wyverns
  2 redbacks (Lair:4)
  47 yaks
  4 basilisks
  A chaos spawn (Abyss:2)
  A neqoxec (Abyss:2)
  13 vampire mosquitoes
  12 swamp worms
  5 insubstantial wisps (Swamp:3)
  4 wargs
  Menkaure (D:7)
  16 water moccasins
  3 swamp drakes
  5 porcupines
  4 orc warriors
  4 sky beasts
  An ice beast (D:6)
  6 black bears
  3 phantoms
  2 eyes of draining (D:8)
  5 ogres
  4 boggarts (Lair:6)
  2 necrophages
  3 centaurs
  29 wolves
  6 crocodiles
  2 big kobolds
  15 bullfrogs
  A gnoll sergeant (D:9)
  A water moccasin skeleton (D:4)
  2 scorpions
  8 wights
  24 killer bees
  6 howler monkeys
  3 crimson imps
  6 hounds
  2 jellies
  7 orc priests
  Crazy Yiuf (D:5)
  An iron imp (Abyss:2)
  4 iguanas
  8 orc wizards
  6 worker ants
  A hound skeleton (D:6)
  A howler monkey zombie (D:7)
  A worker ant zombie (D:11)
  7 gnolls
  29 adders
  2 shadow imps
  An ooze (D:2)
  An adder skeleton (D:5)
  An adder zombie (D:5)
  2 dart slugs
  5 leopard geckos
  31 orcs
  A ball python (D:5)
  3 giant cockroaches
  11 goblins
  12 hobgoblins
  4 jackals
  19 kobolds
  3 quokkas (D:2)
  7 bats
  6 frilled lizards
  A jackal skeleton (D:6)
  A quokka skeleton (D:4)
  8 rats
  2 briar patches (Swamp:2)
  A fungus (D:5)
  A lurking horror (Abyss:2)
  5 spectral weapons
590 creatures vanquished.

Vanquished Creatures (collateral kills)
  A yak (Lair:6)
1 creature vanquished.

Vanquished Creatures (others)
  A yak (Lair:5)
  A bush (Lair:2)
  13 fungi
  17 plants
32 creatures vanquished.

Grand Total: 623 creatures vanquished

Notes
Turn   | Place    | Note
-------+----------+-------------------------------------------
     0 | D:1      | Ikesh the Merfolk Skald began the quest for the Orb.
     0 | D:1      | Reached XP level 1. HP: 16/16 MP: 3/3
   141 | D:1      | Reached XP level 2. HP: 21/22 MP: 5/5
   473 | D:1      | Reached XP level 3. HP: 24/28 MP: 6/6
   794 | D:2      | Learned a level 2 spell: Shroud of Golubria
   798 | D:2      | Learned a level 3 spell: Regeneration
   848 | D:2      | Reached skill level 1 in Armour
  1045 | D:2      | Found a hazy altar of Hepliaklqana.
  1097 | D:2      | Found a shimmering altar of Xom.
  1099 | D:2      | Found a shimmering altar of Xom.
  1101 | D:2      | Found a shimmering altar of Xom.
  1128 | D:2      | Reached XP level 4. HP: 33/34 MP: 0/7
  1258 | D:2      | You fall through a shaft!
  1268 | D:3      | Reached skill level 4 in Polearms
  1568 | D:3      | Reached XP level 5. HP: 39/40 MP: 3/8
  1801 | D:2      | Learned a level 3 spell: Confuse
  2540 | D:3      | Noticed a phantom
  2629 | D:3      | Killed a phantom
  2629 | D:3      | Reached XP level 6. HP: 19/47 MP: 10/10
  2892 | D:3      | Reached skill level 1 in Hexes
  3100 | D:4      | Reached skill level 1 in Stealth
  3148 | D:4      | Noticed a phantom
  3545 | D:4      | Reached skill level 5 in Polearms
  3862 | D:4      | Learned a level 2 spell: Call Imp
  3981 | D:3      | Reached XP level 7. HP: 52/52 MP: 7/11
  3997 | D:3      | Gained mutation: You occasionally shout uncontrollably at your foes. [potion of mutation]
  3997 | D:3      | Gained mutation: You tend to lose your temper in combat. [potion of mutation]
  3997 | D:3      | Gained mutation: Your movements are slightly less encumbered by armour. (ER -2) [potion of mutation]
  4545 | D:5      | Entered Level 5 of the Dungeon
  4570 | D:5      | Reached skill level 6 in Polearms
  4907 | D:5      | Found a staircase to the Ecumenical Temple.
  4951 | D:5      | Reached skill level 1 in Translocations
  4977 | Temple   | Entered the Ecumenical Temple
  5058 | Temple   | Became a worshipper of Qazlal Stormbringer
  5511 | D:5      | Found a runed door.
  5521 | D:5      | Noticed Crazy Yiuf
  5529 | D:5      | Killed Crazy Yiuf
  6332 | D:6      | Found a shimmering altar of Xom.
  6372 | D:6      | Reached skill level 1 in Invocations
  6372 | D:6      | Reached XP level 8. HP: 50/58 MP: 11/13
  6530 | D:6      | Reached skill level 5 in Charms
  7137 | D:6      | Found a glowing golden altar of the Shining One.
  7162 | D:6      | Reached skill level 7 in Polearms
  7494 | D:7      | Noticed Menkaure
  7503 | D:7      | Killed Menkaure
  7564 | D:7      | Reached * piety under Qazlal
  7564 | D:7      | Reached skill level 8 in Polearms
  7589 | D:7      | Reached XP level 9. HP: 42/65 MP: 5/15
  8000 | D:7      | Lost mutation: You occasionally shout uncontrollably at your foes. [potion of mutation]
  8000 | D:7      | Lost mutation: You tend to lose your temper in combat. [potion of mutation]
  8000 | D:7      | Gained mutation: Your flesh is cold resistant. (rC+) [potion of mutation]
  8000 | D:7      | Gained mutation: Your mind is acute. (Int +2) [potion of mutation]
  8000 | D:7      | Gained mutation: Your body sometimes deteriorates upon taking damage. [potion of mutation]
  8000 | D:7      | Gained mutation: Your movements are less encumbered by armour. (ER -4) [potion of mutation]
  8415 | D:8      | Reached skill level 1 in Shields
  8449 | D:8      | Reached skill level 9 in Polearms
  8469 | D:8      | Found a bloodstained altar of Trog.
  8564 | D:8      | Found a flagged portal.
  8573 | Bailey   | Entered a bailey
  9067 | D:8      | Found Jidigh Veur's Book Emporium.
  9335 | D:9      | Learned a level 2 spell: Song of Slaying
  9358 | D:9      | Reached ** piety under Qazlal
  9358 | D:9      | Reached skill level 10 in Polearms
  9462 | D:9      | Reached skill level 5 in Dodging
  9672 | D:9      | Reached XP level 10. HP: 63/73 MP: 10/17
  9692 | D:9      | Reached skill level 5 in Invocations
  9759 | D:9      | Reached skill level 5 in Fighting
  9769 | D:9      | Reached skill level 11 in Polearms
  9992 | D:9      | Reached skill level 5 in Spellcasting
 10142 | D:9      | Learned a level 3 spell: Ozocubu's Armour
 10145 | D:9      | Learned a level 2 spell: Blink
 10318 | D:9      | Noticed a two-headed ogre
 10343 | D:9      | Killed a two-headed ogre
 10463 | D:9      | Reached skill level 12 in Polearms
 10485 | D:9      | Reached *** piety under Qazlal
 10500 | D:9      | Found a snail-covered altar of Cheibriados.
 10531 | D:10     | Entered Level 10 of the Dungeon
 10586 | D:10     | Noticed Sonja
 10593 | D:10     | Killed Sonja
 10593 | D:10     | Reached XP level 11. HP: 60/81 MP: 4/19
 11055 | D:10     | Found a staircase to the Orcish Mines.
 11660 | D:11     | Found a staircase to the Lair.
 11704 | D:11     | Noticed a green ugly thing
 11705 | D:11     | Noticed a two-headed ogre
 11744 | D:10     | Killed a green ugly thing
 11744 | D:10     | Reached skill level 1 in Evocations
 11833 | D:11     | Killed a two-headed ogre
 12231 | D:11     | Killed an unseen horror
 12618 | D:11     | Found a sacrificial altar of Ru.
 12796 | D:11     | Paralysed by a hornet for 3 turns
 12891 | D:11     | Reached **** piety under Qazlal
 13068 | Lair:1   | Entered Level 1 of the Lair of Beasts
 13140 | Lair:1   | Noticed Erica
 13280 | Lair:1   | Killed Erica
 13280 | Lair:1   | Reached XP level 12. HP: 88/88 MP: 12/21
 13960 | Lair:1   | Noticed Harold
 13992 | Lair:1   | Killed Harold
 14140 | Lair:1   | Noticed Nergalle
 14164 | Lair:1   | Killed Nergalle
 14336 | Lair:1   | Noticed Gastronok
 14342 | Lair:1   | Reached skill level 13 in Polearms
 14362 | Lair:1   | Killed Gastronok
 14652 | Lair:2   | Reached skill level 5 in Evocations
 14950 | Lair:2   | Reached ***** piety under Qazlal
 14989 | Lair:2   | Reached skill level 5 in Shields
 15179 | Lair:2   | Reached XP level 13. HP: 96/96 MP: 23/23
 15441 | Lair:2   | Reached skill level 5 in Armour
 16402 | Lair:3   | Reached skill level 10 in Invocations
 17043 | Lair:4   | Identified the Tome of Flight
 17053 | Lair:4   | Found a hole to the Spider Nest.
 17318 | Lair:4   | Found a staircase to the Swamp.
 17944 | Lair:5   | Reached XP level 14. HP: 101/104 MP: 26/26
 18216 | Lair:5   | Found a staircase to the Slime Pits.
 18298 | Lair:6   | Entered Level 6 of the Lair of Beasts
 19174 | Lair:6   | Reached ****** piety under Qazlal
 19359 | Lair:6   | Learned a level 3 spell: Mephitic Cloud
 19441 | Lair:6   | Reached skill level 14 in Polearms
 19649 | Lair:6   | Identified a scroll of acquirement
 19752 | Lair:6   | Got a slimy leather armour
 19763 | Lair:6   | Identified the +2 leather armour "Doacal" {*Slow Regen+ rCorr Str+2 Int+3} (You found it on level 6 of the Lair of Beasts)
 19936 | Lair:6   | Got an ancient leather armour
 19949 | Lair:6   | Identified the +2 leather armour "Dulihone" {Str+6} (You found it on level 6 of the Lair of Beasts)
 20154 | Slime:1  | Entered Level 1 of the Pits of Slime
 20160 | Slime:1  | Noticed an acid blob
 20164 | Slime:1  | Noticed an acid blob
 20198 | Lair:5   | Killed an acid blob
 20470 | Swamp:1  | Entered Level 1 of the Swamp
 21157 | Swamp:1  | Reached skill level 10 in Charms
 21340 | Swamp:1  | Reached XP level 15. HP: 109/110 MP: 23/27
 21378 | Swamp:2  | Reached skill level 1 in Poison Magic
 21468 | Swamp:2  | You fall through a shaft!
 21662 | Swamp:2  | Noticed a thorn hunter
 21681 | Swamp:2  | Killed a thorn hunter
 21893 | Swamp:2  | Learned a level 3 spell: Spectral Weapon
 22233 | Swamp:3  | Noticed Louise
 22239 | Swamp:3  | Cast into level 2 of the Abyss (Louise)
 22376 | Abyss:2  | Gained mutation: Your magical capacity is low. (-10% MP) [a neqoxec]
 22425 | Abyss:2  | Noticed a Hell Sentinel
 22440 | Abyss:2  | Gained mutation: You are weak. (Str -2) [a neqoxec]
 22468 | Abyss:2  | Noticed a revenant
 22476 | Abyss:2  | Killed from afar by a revenant

Skill      XL: |  1  2  3  4  5  6  7  8  9 10 11 12 13 14 15 |
---------------+----------------------------------------------+-----
Armour         | 1 2 3 4 5 6 |  6.1
Dodging        | 3 4 5 6 7 8 |  8.1
Polearms       | 4 5 6 8 10 12 13 14 | 14.4
Fighting       | 3 4 5 6 7 8 |  8.5
Hexes          | 1 2 |  2.5
Stealth        | 1 2 3 |  3.5
Charms         | 4 5 6 7 8 9 10 | 10.2
Spellcasting   | 3 4 5 6 7 8 9 |  9.1
Translocations | 1 2 3 4 |  4.4
Invocations    | 1 3 4 6 8 9 10 11 | 11.9
Shields        | 1 2 3 5 6 7 |  7.6
Evocations     | 2 5 6 8 |  8.8
Poison Magic   | 2 |  2.7

Action                   |  1- 3 |  4- 6 |  7- 9 | 10-12 | 13-15 || total
-------------------------+-------+-------+-------+-------+-------++-------
Melee: Spear             |   131 |   293 |   583 |   987 |  1144 ||  3138
       Tailslap          |     1 |       |       |     1 |    35 ||    37
Throw: Throwing net      |       |       |       |       |     1 ||     1
 Cast: Infusion          |     7 |    18 |    41 |    32 |    38 ||   136
       Shroud of Golubri |     5 |    22 |    27 |    52 |    95 ||   201
       Call Imp          |       |     1 |       |       |       ||     1
       Song of Slaying   |       |       |     2 |    28 |    57 ||    87
       Regeneration      |       |       |       |     2 |     2 ||     4
       Spectral Weapon   |       |       |       |       |     9 ||     9
Invok: Upheaval          |       |       |       |     2 |     2 ||     4
Evoke: Wand              |       |       |       |     1 |    19 ||    20
  Use: Potion            |       |     3 |    11 |     7 |     7 ||    28
       Scroll            |       |       |    20 |     7 |    10 ||    37
 Stab: Sleeping          |     1 |     2 |     1 |       |       ||     4
       Invisible         |       |       |     5 |       |       ||     5
       Confused          |       |       |       |       |     1 ||     1
       Distracted        |       |       |       |       |     1 ||     1
  Eat: Chunk             |     1 |    12 |     8 |    12 |     8 ||    41
       Ration            |       |       |     4 |     2 |     5 ||    11
Armor: Leather armour    |    22 |    50 |    16 |       |    37 ||   125
       Skin              |       |    16 |       |     2 |       ||    18
       Scale mail        |       |       |    70 |   100 |    88 ||   258
Dodge: Dodged            |    67 |   150 |   187 |   236 |   339 ||   979
       Deflected         |       |       |       |       |     4 ||     4
Block: Buckler           |       |    12 |    52 |   113 |   207 ||   384
       Shield            |       |       |       |   205 |   365 ||   570
       Reflection        |       |       |       |       |     4 ||     4
